 Dungeon Crawl Stone Soup version 0.28-a0-1613-gdaab1c2f9b (webtiles) character file.

Game seed: 5141362986805403286

19910 ragingrage the Warrior (level 12, -10/87 HPs)
             Began as a Gargoyle Artificer on Jan 21, 2022.
             Was a High Priest of Okawaru.
             Killed from afar by an ice statue (12 damage)
             ... with a bolt of cold
             ... in an ice cave.
             The game lasted 00:25:08 (20192 turns).

ragingrage the Warrior (Gargoyle Artificer)        Turns: 20192, Time: 00:25:08

Health: -10/87     AC: 19    Str: 22    XL:     12   Next: 73%
Magic:  0/12       EV: 14    Int: 12    God:    Okawaru [*****.]
Gold:   683        SH:  0    Dex: 12    Spells: 11/11 levels left

rFire   x . .      SeeInvis .   c - +2 whip (flame)
rCold   + . .      Faith    .   (no shield)
rNeg    + + .      Spirit   +   D - +0 ring mail {Will+}
rPois   ∞          Reflect  .   j - +0 helmet of Disappointment {Contam +Inv rCorr Str+3}
rElec   +          Harm     .   w - +1 cloak of Starlight {*Dazzle EV+4 Stlth--}
rCorr   +          Rampage  .   i - +0 pair of gloves
Will    +....                   (no boots)
Stlth   ..........              z - amulet "Foxkiluh" {Spirit +Blink Fly Stlth+}
HPRegen 0.24/turn               f - ring of positive energy
MPRegen 0.13/turn               q - ring of ice

@: flying, studying Fighting
A: sickness immunity, AC +8, negative energy resistance 1, electricity
resistance, torment resistance 1, petrification resistance
a: Renounce Religion, Evoke Blink, Evoke Invisibility, Heroism, Finesse, Duel


You were in an ice cave.
You worshipped Okawaru.
Okawaru was extremely pleased with you.
You visited 3 branches of the dungeon, and saw 13 of its levels.
You also visited: Bailey and Ice Cave.

You collected 683 gold pieces.

Inventory:

Hand Weapons
 a - a +4 hand axe of draining
 b - a +0 hunting sling
 c - a +2 whip of flaming (weapon)
Missiles
 h - 138 sling bullets
 l - a throwing net
 s - 24 javelins
 E - 11 poisoned darts
 J - a curare-tipped dart
 L - 9 atropa-tipped darts
Armour
 i - a +0 pair of gloves (worn)
 j - the +0 helmet of Disappointment (worn) {Contam +Inv rCorr Str+3}
   (You took it off Robin on level 2 of the Dungeon)

   Str:       It affects your strength (+3).
   +Inv:      It lets you turn invisible.
   Contam:    It causes magical contamination when unequipped.
   rCorr:     It protects you from acid and corrosion.
 w - the +1 cloak of Starlight (worn) {*Dazzle EV+4 Stlth--}
   (You acquired it in a bailey)

   It may blind those who miss an attack against the wearer in melee combat.
   EV:        It affects your evasion (+4).
   Stlth:     It makes you much less stealthy.
 D - a +0 ring mail of willpower (worn)
Jewellery
 f - a ring of positive energy (left hand)
 q - a ring of ice (right hand)
 z - the amulet "Foxkiluh" (around neck) {Spirit +Blink Fly Stlth+}
   (You found it on level 8 of the Dungeon)

   [amulet of guardian spirit]

   It causes incoming damage to be divided between your reserves of health and
   magic.
   Fly:       It grants you flight.
   +Blink:    It lets you blink.
   Stlth:     It makes you more stealthy.
Wands
 x - a wand of digging (7)
 y - a wand of flame (6) (quivered)
 K - a wand of iceblast (8)
 M - a wand of acid (6)
Scrolls
 d - 2 scrolls of magic mapping
 g - a scroll of fear
 m - 4 scrolls of enchant armour
 r - 9 scrolls of identify
 u - 3 scrolls of blinking
 A - a scroll of holy word {unknown}
 B - 2 scrolls of brand weapon
 G - a scroll of amnesia {unknown}
 H - 2 scrolls of enchant weapon {unknown}
 I - a scroll of torment {unknown}
 N - a scroll of teleportation
Potions
 k - 2 potions of magic
 n - a potion of attraction
 o - 3 potions of curing
 p - a potion of mutation {unknown}
 t - a potion of flight {unknown}
 v - a potion of might {unknown}
 C - 4 potions of cancellation {unknown}
 F - a potion of heal wounds
Miscellaneous
 e - a piece from Xom's chessboard (15/15)


   Skills:
 - Level 15.0 Fighting
 + Level 12.4 Axes
 - Level 4.0 Armour
 - Level 0.7 Dodging
 - Level 1.1 Stealth
 - Level 10.0 Evocations


You had 11 spell levels left.
You didn't know any spells.
Your spell library contained the following spells:

 Spells                   Type           Power      Damage    Failure   Level
 Foxfire                  Conj/Fire      0%         2x1d4     45%         1
 Freeze                   Ice            0%         1d3       45%         1
 Slow                     Hex            0%         N/A       45%         1
 Static Discharge         Conj/Air       0%         N/A       61%         2
 Confusing Touch          Hex            0%         N/A       83%         3
 Conjure Flame            Conj/Fire      0%         6-21      83%         3
 Frozen Ramparts          Ice            0%         1d2       83%         3
 Inner Flame              Hex/Fire       0%         N/A       83%         3
 Vampiric Draining        Necr           0%         2d6       83%         3
 Dispel Undead            Necr           0%         3d6       99%         4
 Flame Wave               Conj/Fire      0%         2d4       99%         4
 Hailstorm                Conj/Ice       0%         3d3       99%         4
 Sticky Flame             Conj/Fire      0%         2d3       99%         4
 Dispersal                Tloc           0%         N/A       100%        6
 Disjunction              Tloc           0%         N/A       100%        8


Dungeon Overview and Level Annotations

Branches:
Dungeon (10/15)            Temple (1/1) D:7            Lair (2/6) D:8
 Bailey (visited)           IceCv (1/1)
  Swamp: Lair:2-4    Shoals: Lair:2-4     Snake: Lair:2-4    Spider: Lair:2-4
    Orc: D:9-12

Altars:
Cheibriados
Dithmenos
Elyvilon
Fedhas
Gozag
Hepliaklqana
Kikubaaqudgha
Makhleb
Okawaru
Qazlal
Ru
Sif Muna
Uskayaw
Vehumet
Wu Jian
Xom
Yredelemnul
Zin
The Shining One

Shops:
D:7 **   D:9 [

Annotations:
D:6 exclusions: downstairs and 2 more exclusions
D:7 3 runed translucent doors, awesomeguy42's ghost, novice HuNe
D:8 1 transporter, pigah's ghost, novice OpAE IceCv exclusion: 2 ice statues


Innate Abilities, Weirdness & Mutations

You are immune to sickness and miasma.
Your stone body is resilient. (AC +8)
You are immune to poison.
You resist negative energy. (rN+)
You are resistant to electric shocks. (rElec)
You are resistant to unholy torment.
You are immune to petrification.


Message History

The ice beast hits you but does no damage.
The ice beast barely misses you.
You hit the ice statue.
You melt the ice statue.
The ice statue is severely damaged.
You are engulfed in freezing vapours.
You resist.
The ice beast hits you but does no damage.
The ice statue gestures at you. The bolt of cold hits you! You resist.
* * * LOW HITPOINT WARNING * * *
You hit the ice statue but do no damage.
The ice statue is severely damaged.
You are engulfed in freezing vapours.
You resist.
* * * LOW HITPOINT WARNING * * *
The ice beast misses you.
You feel much better.
You are engulfed in freezing vapours.
You resist.
The ice beast hits you but does no damage.
The ice statue gestures.
The ice beast hits you but does no damage.
Aiming: Throw Flame
Press: ? - help, Q - select action, (/) - cycle Shift-Dir - straight line, f - ice statue
Aim: an ice statue (freezing vapour, severely damaged, 100% to hit)
The puff of flame hits the ice statue but does no damage.
The ice statue is severely damaged.
You hear a sizzling sound!
You are engulfed in freezing vapours.
You resist. The ice statue gestures at you. The bolt of cold hits you!
You resist.
* * * LOW HITPOINT WARNING * * *
The ice beast misses you.
The ice beast hits you but does no damage.
Aiming: Throw Flame
Press: ? - help, Q - select action, (/) - cycle Shift-Dir - straight line, f/p - ice statue
Aim: an ice statue (severely damaged, 100% to hit)
The puff of flame hits the ice statue.
The ice statue melts!
The ice statue is almost destroyed.
You are engulfed in freezing vapours.
You resist.
* * * LOW HITPOINT WARNING * * *
The ice statue gestures at you. The bolt of cold hits you! You resist.
You die...

#####
##...##
##.....#
#...Y..#
#.°@Y..#
##.Y°8..#
#...##..#
##..##
.####
#..##
##.#
##..#
##..##
#..##
#....#
#..#
##....##
##..#
##......#


You could see an ice statue and 3 ice beasts.

Vanquished Creatures
  A quicksilver ooze (IceCv)
  A hydra (Lair:1)
  3 two-headed ogres
  Pikel (D:5)
  Joseph (D:7)
  4 cane toads (Lair:2)
  An unseen horror (D:8)
  A kobold demonologist (D:9)
  2 rime drakes
  2 komodo dragons
  3 entropy weaver simulacra (IceCv)
  11 slime creatures (IceCv)
  Grinder (D:4)
  Sigmund (D:4)
  3 wyverns
  A basilisk (Lair:1)
  3 steam dragons
  9 yaks
  An acid dragon (D:8)
  A demonic crawler simulacrum (IceCv)
  5 water moccasins
  2 ice beasts (D:7)
  10 orc warriors (Bailey)
  A sky beast (D:6)
  3 ogres
  2 black bears
  2 ugly thing simulacra (IceCv)
  3 wolves (Lair:1)
  15 centaurs
  A necrophage (D:5)
  2 lemures (D:5)
  2 kobold brigands (D:9)
  8 bullfrogs
  A wyvern zombie (D:5)
  A water moccasin zombie (D:5)
  4 glowing shapeshifter simulacra (IceCv)
  2 scorpions
  3 gnoll sergeants
  10 killer bees
  5 wights (D:6)
  3 howler monkeys (D:9)
  A jelly (D:7)
  4 crimson imps (D:8)
  5 centaur zombies
  A gnoll shaman (D:4)
  A hound (D:6)
  A bullfrog zombie (D:5)
  3 orc priests
  A bullfrog skeleton (D:6)
  Terence (D:2)
  3 iguanas
  A scorpion zombie (D:5)
  Natasha (thrice) (D:3)
  5 orc wizards
  2 killer bee zombies
  4 hound skeletons
  Robin (D:2)
  12 gnolls
  4 adders
  2 shadow imps (D:6)
  An ufetubus (D:4)
  An adder skeleton (D:4)
  4 dart slugs
  39 orcs
  6 ball pythons
  5 endoplasms
  6 giant cockroaches
  13 goblins
  8 hobgoblins
  3 jackals (D:4)
  17 kobolds
  5 quokkas
  6 bats
  6 frilled lizards
  6 rats
317 creatures vanquished.

Vanquished Creatures (collateral kills)
  3 gnolls
  2 goblins
  A kobold (D:3)
6 creatures vanquished.

Vanquished Creatures (others)
  2 gnolls (D:4)
  4 goblins (D:2)
  A hobgoblin (D:2)
  5 fungi
  13 plants
25 creatures vanquished.

Grand Total: 348 creatures vanquished

Notes
Turn   | Place    | Note
-------+----------+-------------------------------------------
     0 | D:1      | ragingrage the Gargoyle Artificer began the quest for the
                  | Orb.
     0 | D:1      | Reached XP level 1. HP: 12/12 MP: 1/1
    72 | D:1      | Reached XP level 2. HP: 9/17 MP: 2/2
   277 | D:1      | You fall into a shaft and drop 1 floor!
   580 | D:2      | Reached skill level 2 in Fighting
   919 | D:2      | Identified the +0 helmet of Disappointment {Contam +Inv
                  | rCorr Str+3}
   919 | D:2      | Noticed Robin
   933 | D:2      | Killed Robin
   934 | D:2      | Reached XP level 3. HP: 7/22 MP: 3/3
  1389 | D:2      | Noticed Terence
  1404 | D:2      | Killed Terence
  1405 | D:2      | Reached skill level 3 in Fighting
  1405 | D:2      | Reached XP level 4. HP: 17/28 MP: 4/4
  2714 | D:3      | Identified the +6 falchion "Lourrium" {vorpal, rCorr Dex+5}
  2748 | D:3      | Noticed Natasha
  2764 | D:3      | Reached XP level 5. HP: 32/32 MP: 5/5
  2768 | D:3      | Killed Natasha
  2993 | D:3      | Reached skill level 4 in Fighting
  2993 | D:3      | Reached skill level 1 in Axes
  3147 | D:3      | Reached XP level 6. HP: 39/39 MP: 6/6
  3818 | D:3      | Noticed Natasha
  3827 | D:3      | Killed Natasha
  4010 | D:3      | Noticed Natasha
  4025 | D:3      | Killed Natasha
  4127 | D:3      | Found a glowing golden altar of the Shining One.
  4835 | D:4      | Reached XP level 7. HP: 34/44 MP: 7/7
  5007 | D:4      | Reached skill level 5 in Fighting
  5014 | D:4      | Reached skill level 5 in Evocations
  5353 | D:4      | Noticed Grinder
  5366 | D:4      | Killed Grinder
  5401 | D:4      | Identified the +11 falchion of Fuycs {vorpal, Will+ Int-4
                  | Dex+7 SInv}
  5424 | D:4      | Noticed Sigmund
  5435 | D:4      | Killed Sigmund
  5436 | D:4      | Reached XP level 8. HP: 41/51 MP: 8/8
  5569 | D:4      | Reached skill level 6 in Fighting
  5671 | D:4      | Found an ornate altar of the Wu Jian Council.
  5672 | D:4      | Found a radiant altar of Vehumet.
  5745 | D:5      | Entered Level 5 of the Dungeon
  5938 | D:5      | Noticed Pikel
  5970 | D:5      | Killed Pikel
  5971 | D:5      | Reached skill level 7 in Fighting
  6162 | D:5      | Found a blossoming altar of Fedhas.
  6226 | D:5      | Reached XP level 9. HP: 54/57 MP: 9/9
  6833 | D:6      | Reached skill level 5 in Axes
  7473 | D:6      | Reached skill level 8 in Fighting
  8123 | D:7      | Noticed Joseph
  8406 | D:7      | Found a sacrificial altar of Ru.
  9284 | D:7      | Reached XP level 10. HP: 65/65 MP: 10/10
  9295 | D:7      | Found a runed translucent gate.
  9296 | D:7      | Found a runed translucent gate.
  9296 | D:7      | Noticed awesomeguy42's ghost (novice HuNe)
  9297 | D:7      | Found a runed translucent gate.
  9333 | D:7      | Reached skill level 9 in Fighting
  9446 | D:7      | Found a staircase to the Ecumenical Temple.
  9550 | Temple   | Entered the Ecumenical Temple
  9559 | Temple   | Became a worshipper of Warmaster Okawaru
  9980 | D:7      | Killed Joseph
 10162 | D:7      | Found Moujao's General Store.
 10163 | D:7      | Found Woogot's Specific Store.
 10370 | D:8      | Noticed an unseen horror
 10380 | D:8      | Killed an unseen horror
 10491 | D:8      | Reached * piety under Okawaru
 10530 | D:8      | Identified the amulet "Foxkiluh" {Spirit +Blink Fly Stlth+}
 11005 | D:8      | Found a transporter.
 11008 | D:8      | Noticed pigah's ghost (novice OpAE)
 12096 | D:8      | Found a staircase to the Lair.
 12124 | D:8      | Found a shimmering altar of Xom.
 12207 | D:9      | Found a hide-covered altar of Uskayaw.
 12211 | D:9      | Found a flagged portal.
 12227 | Bailey   | Entered a bailey
 12886 | Bailey   | Reached ** piety under Okawaru
 13980 | Bailey   | Reached XP level 11. HP: 70/72 MP: 9/11
 14188 | Bailey   | Acquired the +1 cloak of Starlight {*Dazzle EV+4 Stlth--}
 14188 | Bailey   | Found the +1 cloak of Starlight {*Dazzle EV+4 Stlth--}
 14483 | D:9      | Reached skill level 10 in Fighting
 14975 | D:9      | Reached *** piety under Okawaru
 14976 | D:9      | Reached skill level 11 in Fighting
 15192 | D:9      | Found a snail-covered altar of Cheibriados.
 15194 | D:9      | Found Cheibriados's Comfort Zone.
 15462 | D:10     | Entered Level 10 of the Dungeon
 15462 | D:10     | Noticed a two-headed ogre
 15790 | D:10     | Noticed a two-headed ogre
 15919 | D:10     | Noticed a two-headed ogre
 15929 | D:10     | Killed a two-headed ogre
 15930 | D:10     | Reached skill level 10 in Evocations
 16019 | D:10     | Found a glowing silver altar of Zin.
 16368 | D:9      | Killed a two-headed ogre
 16369 | D:9      | Reached skill level 12 in Fighting
 16832 | D:10     | Reached **** piety under Okawaru
 16845 | D:10     | Killed a two-headed ogre
 16846 | D:10     | Reached skill level 13 in Fighting
 17031 | Lair:1   | Entered Level 1 of the Lair of Beasts
 17050 | Lair:1   | Received a gift from Okawaru
 17051 | Lair:1   | Found an iron altar of Okawaru.
 17216 | Lair:1   | Noticed a five-headed hydra
 17241 | Lair:1   | Killed a five-headed hydra
 17242 | Lair:1   | Reached skill level 14 in Fighting
 17432 | Lair:1   | Reached XP level 12. HP: 86/86 MP: 12/12
 17802 | Lair:1   | Reached skill level 15 in Fighting
 18035 | Lair:2   | Reached skill level 10 in Axes
 18100 | Lair:2   | Reached ***** piety under Okawaru
 18193 | Lair:2   | Noticed an eight-headed hydra
 18210 | Lair:2   | Upgraded the game from 0.28-a0-1594-ga885d4b3d6 to
                  | 0.28-a0-1613-gdaab1c2f9b
 18390 | Lair:2   | Found a frozen archway.
 18446 | IceCv    | Entered an ice cave
 19126 | IceCv    | Noticed a quicksilver ooze
 19137 | IceCv    | Killed a quicksilver ooze
 19900 | IceCv    | Received a gift from Okawaru
 20192 | IceCv    | HP: 2/87 [ice statue] (12)]
 20192 | IceCv    | Killed from afar by an ice statue

Illustrated notes

Levels and vault maps discovered:
D:1:      amcnicky_arrival_abandoned_market, layout_rooms, minivault_19,
          minmay_tromino_v2
D:2:      layout_basic, uniq_robin, uniq_terence
D:3:      layout_basic, nicolae_tso_swordbearing_angel, st_stairs_9,
          uniq_natasha
D:4:      layout_loops_cross, mainiacjoe_overflow_divided_tiny, abandoned_shop,
          uniq_grinder, uniq_sigmund
D:5:      layout_loops_cross, mainiacjoe_overflow_six_doors_small, uniq_pikel
D:6:      layout_loops_ring, dk_noncrumbling_2, centaur_isle
D:7:      layout_basic, nicolae_ru_great_annihilating_truth,
          minmay_temple_entry_gardened_gates, gammafunk_ghost_nasty_kobolds,
          nicolae_specific_store, uniq_joseph
D:8:      layout_basic, led_xom_imps, lair_entry_dummy,
          gammafunk_ghost_stat_death
D:9:      kennysheep_blocky_hall, layout_gridville,
          nicolae_overflow_hidden_temple, enter_bailey_1, kennysheep_nub,
          nicolae_two_hexagons, minmay_shop_chei
D:10:     layout_rooms, zin_statuary, chequers_jeans, blue_anna_alchemist
Temple:   eino_temple_lava
Lair:1:   layout_gridlike, basic_altar, serial_bayou_shore_a, grunt_megastairs_5
Lair:2:   layout_misc_corridors, dummy_spider_entry,
          portal_ice_cave_entry_pillars_1
IceCv:    ice_cave_hellmonk_azure_passage

Skill      XL: |  1  2  3  4  5  6  7  8  9 10 11 12 |
---------------+-------------------------------------+-----
Evocations     | 3 4 5 6 7 9 10 | 10.0
Fighting       | 2 3 4 5 7 8 9 14 15 | 15.0
Axes           | 1 2 3 4 6 8 9 12 | 12.4
Armour         | 3 4 |  4.0
Dodging        | |  0.7
Stealth        | |  1.1

Action                   |  1- 3 |  4- 6 |  7- 9 | 10-12 || total
-------------------------+-------+-------+-------+-------++-------
Melee: Club              |    85 |       |       |       ||    85
       Punch             |     1 |       |     2 |     8 ||    11
       Falchion          |       |   170 |   221 |   296 ||   687
       Hand axe          |       |       |       |   243 ||   243
       Whip              |       |       |       |    43 ||    43
 Fire: Hunting sling     |       |    16 |     1 |   155 ||   172
Throw: Dart              |       |       |       |    15 ||    15
Invok: Heroism           |       |       |       |    11 ||    11
Evoke: Wand              |    18 |     8 |    32 |    10 ||    68
       Piece from Xom's  |     1 |     5 |     8 |     8 ||    22
  Use: Scroll            |       |     5 |       |     9 ||    14
       Potion            |       |     1 |       |     3 ||     4
 Stab: Paralysed         |    10 |       |     1 |       ||    11
       Sleeping          |     1 |     1 |       |       ||     2
       Petrified         |       |       |     4 |       ||     4
       Invisible         |       |       |       |    25 ||    25
Armor: Leather armour    |    41 |    83 |       |       ||   124
       Scale mail        |       |    26 |   163 |    41 ||   230
       Ring mail         |       |       |       |   298 ||   298
       Acid dragon scale |       |       |       |    14 ||    14
Dodge: Dodged            |    61 |   140 |   150 |   523 ||   874

Table legend: (Time is in decaauts)
 A = Elapsed time spent in this place.
 B = Non-inter-level travel time spent in this place.
 C = Inter-level travel time spent in this place.
 D = Time resting spent in this place.
 E = Time spent auto-exploring this place.
 F = Levels seen in this place.
 G = Mean time per level.
                   A        B        C        D        E       F      G
               +--------+--------+--------+--------+--------+-----+--------+
         Total |  20382 |  19404 |    978 |   7250 |   8392 |  15 | 1358.8 |
       Dungeon |  15228 |  14307 |    921 |   4781 |   7003 |  10 | 1522.8 |
        Temple |     17 |      3 |     14 |      0 |      0 |   1 |   17.0 |
          Lair |   1383 |   1342 |     41 |    357 |    635 |   2 |  691.5 |
        Bailey |   2059 |   2059 |      0 |    766 |    689 |   1 | 2059.0 |
      Ice Cave |   1693 |   1693 |      0 |   1346 |     65 |   1 | 1693.0 |
               +--------+--------+--------+--------+--------+-----+--------+

Top non-repeatable levels by time:
     D:3: 2589 daAuts
     D:6: 2487 daAuts
  Bailey: 2059 daAuts
     D:9: 1847 daAuts
     D:8: 1840 daAuts
   IceCv: 1693 daAuts
     D:7: 1593 daAuts
     D:2: 1377 daAuts
  Lair:1: 1154 daAuts
     D:4: 1068 daAuts
     D:5: 930 daAuts
     D:1: 820 daAuts
    D:10: 674 daAuts
  Lair:2: 229 daAuts
  Temple: 17 daAuts
